 Dungeon Crawl Stone Soup version 0.31.0-32-g396128a36d (webtiles) character file.

Game seed: 16795549380835299131

26 Doomgape the Sneak (level 2, -1/13 HPs)
             Began as a Spriggan Conjurer on Apr 6, 2024.
             Killed from afar by Terence (6 damage)
             ... with a puff of flame
             ... on level 2 of the Dungeon.
             The game lasted 00:04:33 (1155 turns).

Doomgape the Sneak (Spriggan Conjurer)              Turns: 1155, Time: 00:04:33

Health: -1/13      AC:  2    Str:  3    XL:     2   Next: 89%
Magic:  2/7        EV: 17    Int: 19    God:
Gold:   38         SH:  0    Dex: 13    Spells: 4/7 levels left

rFire   . . .        (weapon restricted)
rCold   . . .        (no shield)
rNeg    . . .        a - +0 robe
rPois   .            (helmet restricted)
rElec   .            (no cloak)
rCorr   .            (gloves unavailable)
SInv    +            (boots unavailable)
Will    .....        (no amulet)
Stlth   ++           (no ring)
HPRegen 0.22/turn    (no ring)
MPRegen 0.10/turn

%: no passive effects
@: very quick
A: very small, no large weapons, unfitting armour, see invisible, speed 3
a: no special abilities


You were on level 2 of the Dungeon.
You visited 1 branch of the dungeon, and saw 2 of its levels.

You collected 38 gold pieces.

Inventory:

Armour
 a - a +0 robe (worn)
Scrolls
 c - a scroll of teleportation
 e - 3 scrolls of identify {unknown}
 f - a scroll of amnesia {unknown}
Potions
 b - a potion of magic
 d - a potion of heal wounds {unknown}
 g - a potion of degeneration {unknown}


   Skills:
 + Level 3.4 Dodging
 - Level 3.4 Stealth
 + Level 3.2 Spellcasting
 + Level 3.1 Conjurations


You had 4 spell levels left.
You knew the following spells:

 Your Spells              Type           Power      Damage    Failure   Level
a - Magic Dart            Conj           60%        1d6       4%          1
b - Searing Ray           Conj           30%        2d5       6%          2

Your spell library contained the following spells:

 Spells                   Type           Power      Damage    Failure   Level
 Fulminant Prism          Conj/Alch      4%         3d5       61%         4
 Iskenderun's Mystic Bla  Conj/Tloc      9%         2d4       61%         4


Dungeon Overview and Level Annotations

Branches:
Dungeon (2/15)

Altars:

Annotations:
D:2 Terence


Innate Abilities, Weirdness & Mutations

You are very small and have problems with some larger weapons.
You are too small for most types of armour.
You have supernaturally acute eyesight. (SInv)
You cover ground extremely quickly. (Speed+++)


Message History

Aim: a rat (100% to hit)
The magic dart hits the rat.
You kill the rat!
Your magical contamination has completely faded away.
You open the door.
There is an open door here.
There is an open door here.
g - a green potion
Things that are here:
a +0 club; a stone
Things that are here:
a +0 dagger; a +0 short sword
There is an escape hatch in the floor here.
There is a stone staircase leading down here.
You climb downwards.
There is a stone staircase leading up here.
Terence the Incautious comes into view.
He is wielding a +0 flail and carrying a wand of flame.
Casting: Magic Dart (safe; 4% risk of failure)
Confirm with . or Enter, or press ? or * to list all spells.
Aiming: Searing Ray (safe; 6% risk of failure)
Press: ? - help, Shift-Dir - straight line, f - Terence
Aim: Terence, wielding a +0 flail, wearing a +0 chain mail and carrying a wand of flame (asleep, 100% to hit)
The searing ray hits Terence.
Terence is moderately wounded.
Terence shouts! (Press . to maintain the ray.)
You hear a shout!
The searing ray hits Terence.
Terence is moderately wounded.
Terence zaps a wand.
The puff of flame hits you.
The searing ray hits Terence.
Terence is heavily wounded.
The searing ray hits Terence but does no damage.
Terence is heavily wounded.
You finish channelling your searing ray.
Terence closely misses you. Terence attacks as he pursues you!
Terence hits you with a +0 flail.
Terence zaps a wand.
The puff of flame hits you.
You die...
Terence says, "That felt goooood."

#. ..# #.. #.####
#... .....# #####
#.#.###.##.##....
#...............
#.#.....##..#.###.#
.##.#.#.....@........
.........@...........
.......####.#.....#
###....####.# #####
#..<.##...#
####....##.###
#...........#
#.###...##### # #...#
.....#


You could see Terence.

Vanquished Creatures
  A dart slug (D:1)
  2 ball pythons (D:1)
  A giant cockroach (D:1)
  A goblin (D:1)
  4 hobgoblins (D:1)
  A quokka (D:1)
  5 bats (D:1)
  3 frilled lizards (D:1)
  4 kobolds (D:1)
  2 rats (D:1)
24 creatures vanquished.

Notes
Turn   | Place    | Note
-------+----------+-------------------------------------------
     0 | D:1      | Doomgape the Spriggan Conjurer began the quest for the Orb.
     0 | D:1      | Reached XP level 1. HP: 9/9 MP: 5/5
   268 | D:1      | Reached XP level 2. HP: 13/13 MP: 2/6
   433 | D:1      | Learned a level 2 spell: Searing Ray
  1144 | D:2      | Noticed Terence
  1155 | D:2      | Killed from afar by Terence

Illustrated notes

Levels and vault maps discovered:
D:1:      dpeg_arrival_round_a, layout_loops_cross, minmay_tromino_i2
D:2:      layout_basic, serial_shops, nicolae_shop_rolling_square,
          nicolae_shop_temple_entry_statues_fountains, nicolae_shop_vocational,
          uniq_terence, uniq_natasha

Skill      XL: |  1  2 |
---------------+-------+-----
Conjurations   | 3 |  3.1
Dodging        | 3 |  3.4
Spellcasting   | 3 |  3.2
Stealth        | |  3.4

Action                     || total
---------------------------++-------
  Melee: Unarmed           ||     7
   Cast: Magic Dart        ||    41
         Searing Ray       ||     5
    Use: Scroll            ||     1
   Stab: Sleeping          ||     1
 Armour: Robe              ||     5
  Dodge: Dodged            ||    15
